 Dungeon Crawl Stone Soup version 0.31.0-32-g396128a36d (webtiles) character file.

Game seed: 15557836288212851151

46 Alphaeus the Ruffian (level 3, 33/33 HPs)
             Began as a Troll Shapeshifter on Mar 20, 2024.
             Was a Follower of Uskayaw.
             Quit the game on level 2 of the Dungeon.
             The game lasted 00:01:00 (664 turns).

Alphaeus the Ruffian (Troll Shapeshifter)            Turns: 664, Time: 00:01:00

Health: 33/33      AC:  4    Str: 22    XL:     3   Next: 46%
Magic:  2/2        EV:  9    Int:  8    God:    Uskayaw [*.....]
Gold:   108        SH:  0    Dex:  9    Spells: 2/2 levels left

rFire   . .          .
                       - Unarmed
rCold   . . .        (no shield)
rNeg    . . .        a - +0 animal skin
rPois   .            (helmet currently unavailable)
rElec   .            (cloak currently unavailable)
rCorr   .            (gloves unavailable)
SInv    .            (boots unavailable)
Will    .....        (no amulet)
Stlth   +            (no ring)
HPRegen 1.05/turn    (no ring)
MPRegen 0.08/turn

%: no passive effects
@: beast-form
A: beast (slay +2), large, unfitting armour, claws 3, regeneration 1, shaggy fur
1, tough skin 1
a: Begin Untransformation, Renounce Religion, Stomp


You were on level 2 of the Dungeon.
You worshipped Uskayaw.
Uskayaw was noncommittal.
You were a hulking beast.
You visited 1 branch of the dungeon, and saw 2 of its levels.

You collected 108 gold pieces.

Inventory:

Armour
 a - a +0 animal skin (worn)
Jewellery
 f - an amulet of faith
Talismans
 c - a beast talisman
 d - a flux talisman
Scrolls
 g - a scroll of teleportation {unknown}
 h - a scroll of vulnerability {unknown}
 i - a scroll of poison {unknown}
Potions
 b - a potion of lignification
 e - a potion of enlightenment {unknown}


   Skills:
 + Level 1.3 Fighting
 - Level 1.5 Dodging
 * Level 3.6 Unarmed Combat
 * Level 3.5 Shapeshifting


You had 2 spell levels left.
You didn't know any spells.
Your spell library contained the following spells:

 Spells                   Type           Power      Damage    Failure   Level
 Scorch                   Fire           0%         2d5       54%         2
 Flame Wave               Conj/Fire      0%         2d4       99%         4
 Summon Cactus Giant      Summ           0%         N/A       100%        6


Dungeon Overview and Level Annotations

Branches:
Dungeon (2/15)

Altars:
Uskayaw


Innate Abilities, Weirdness & Mutations

You are a hulking beast.
Your limbs bulge with bestial killing power. (Slay +2)
You are too large for most types of armour.
You have claws for hands.
Your natural rate of healing is unusually fast.
You are covered in fur. (AC +1)
You have tough skin. (AC +1)


Message History

No target in view!
No target in view!
No target in view!
No target in view!
No target in view!
No target in view!
You see here a +0 whip.
You see here a +0 whip.
You now have 85 gold pieces (gained 5).
h - a scroll labelled CUUD QOEGGY
Found a faded altar of an unknown god.
You now have 100 gold pieces (gained 15).
No target in view!
No target in view!
No target in view!
No target in view!
No target in view!
No target in view!
You now have 108 gold pieces (gained 8).
There is a faded altar of an unknown god here.
i - a scroll labelled QAAPPO CAUXT A quokka comes into view.
You scratch the quokka.
The quokka is severely wounded.
The quokka bites you.
You closely miss the quokka.
The quokka is severely wounded.
The quokka closely misses you.
You closely miss the quokka.
The quokka is severely wounded.
The quokka bites you but does no damage.
You claw the quokka!
You kill the quokka!
There is a faded altar of an unknown god here.
This altar belongs to (a) Uskayaw, (b) Jiyva or (c) Hepliaklqana, but you can't tell which.
Press the corresponding letter to learn more about a god, or press enter to convert or escape to cancel.
Uskayaw accepts your prayer! Uskayaw welcomes you!
You can now stomp with the beat.
Okay, then.
Are you sure you want to abandon this character and quit the game? (Confirm with "yes".)

P♣§ ♣♣♣ ..# ..# #..# ♣§§§♣.♣##.#
#.# #.## ♣.†..#..# #.# #.#
♣P♣.♣♣...## ##### #.# #.#
......P.♣..#######...# #.# #.#
♣.P.♣♣P♣♣#...........####.####.#
.P♣♣ ♣. ####..#.#..........#..#
♣P ♣. #.#.#.#.......#...## ♣ ♣♣
#..#h#........#####
#.#.#.#.......# #..#.#........#
#.............# ###...........#
#...........# #...........#
#...........# #############


There were no monsters in sight!

Vanquished Creatures
  3 dart slugs
  A ball python (D:1)
  5 bats (D:1)
  3 endoplasms (D:1)
  3 giant cockroaches (D:1)
  6 goblins
  2 hobgoblins (D:1)
  4 kobolds (D:1)
  2 quokkas
  6 frilled lizards (D:1)
  A rat (D:1)
36 creatures vanquished.

Notes
Turn   | Place    | Note
-------+----------+-------------------------------------------
     0 | D:1      | Alphaeus the Troll Shapeshifter began the quest for the
                  | Orb.
     0 | D:1      | Reached XP level 1. HP: 18/18 MP: 0/0
    52 | D:1      | Reached skill level 1 in Fighting
    60 | D:1      | Reached XP level 2. HP: 27/27 MP: 1/1
   216 | D:1      | Reached XP level 3. HP: 33/33 MP: 2/2
   618 | D:2      | Found a faded altar of an unknown god.
   663 | D:2      | Prayed at the altar of an unknown god.
   663 | D:2      | Became a worshipper of Uskayaw the Reveller
   663 | D:2      | Reached * piety under Uskayaw
   664 | D:2      | Quit the game

Illustrated notes

Levels and vault maps discovered:
D:1:      scummos_arrival_forest, layout_basic
D:2:      wad_woods_settlement, layout_basic,
          chequers_ecumenical_altar_simple_redux, uniq_robin

Skill      XL: |  1 |
---------------+----+-----
Fighting       | 1 |  1.3
Dodging        | |  1.5
Unarmed Combat | |  3.6
Shapeshifting  | |  3.5

Action                     || total
---------------------------++-------
  Melee: Unarmed           ||    88
         Punch             ||     1
 Armour: Animal skin       ||    65
  Dodge: Dodged            ||    25
